 Dungeon Crawl Stone Soup version 0.18.0-1-g0107ab7 (webtiles) character file.

1098 st0uf the Ducker (level 8, -9/69 HPs)
             Began as a Yellow Draconian Berserker on May 5, 2016.
             Was a Priest of Trog.
             Mangled by a wight
             ... wielding a cursed +1 long sword of electrocution
              (12 damage)
             ... on level 4 of the Dungeon.
             The game lasted 00:16:17 (4195 turns).

st0uf the Ducker (Yellow Draconian Berserker)       Turns: 4195, Time: 00:16:18

Health: -9/69      AC: 10    Str: 19    XL:     8   Next: 10%
Magic:  8/8        EV: 15    Int:  9    God:    Trog [***...]
Gold:   206        SH:  0    Dex: 12    Spells: 0 memorised, 7 levels left

rFire  . . .     SeeInvis .     a - +0 falchion
rCold  . . .     Gourm    .     (armour unavailable)
rNeg   + . .     Faith    .     (no shield)
rPois  .         Spirit   .     (helmet restricted)
rElec  .         Dismiss  .     v - +0 cloak
rCorr  +         Reflect  .     D - +1 pair of gloves
SustAt .         Harm     .     l - +0 pair of boots (curse)
MR     +....                    (no amulet)
Stlth  ++........               y - ring of positive energy
                                x - ring of protection from magic

@: short of breath, somewhat resistant to hostile enchantments, unstealthy
A: spit acid, acid resistance, unfitting armour, cold-blooded, AC +6
a: Spit Acid, Berserk, Trog's Hand, Burn Spellbooks, Renounce Religion


You were on level 4 of the Dungeon.
You worshipped Trog.
Trog was most pleased with you.
You were hungry.

You visited 1 branch of the dungeon, and saw 5 of its levels.

You collected 206 gold pieces.

Inventory:

Hand Weapons
 a - a +0 falchion (weapon)
Missiles
 f - 8 tomahawks (quivered)
 A - 5 curare-tipped needles
 E - 31 poisoned needles
Armour
 l - a cursed +0 pair of boots (worn)
 v - a +0 cloak (worn)
 D - a +1 pair of gloves (worn)
Jewellery
 o - a +6 ring of intelligence
 t - an uncursed ring of protection from magic
 x - a ring of protection from magic (left hand)
 y - a ring of positive energy (right hand)
Wands
 J - a wand of iceblast (9/15)
Scrolls
 c - 3 scrolls of fear {unknown}
 g - a scroll of recharging {unknown}
 h - a scroll of random uselessness {unknown}
 i - a scroll of fog {unknown}
 k - 7 scrolls of identify {unknown}
 m - 2 scrolls of magic mapping {unknown}
 n - 2 scrolls of blinking {unknown}
 p - 2 scrolls of remove curse {unknown}
 q - a scroll of enchant armour {unknown}
 r - a scroll of immolation {unknown}
 C - a scroll of amnesia {unknown}
 G - a scroll of enchant weapon {unknown}
 H - 2 scrolls of teleportation {unknown}
Potions
 d - 2 potions of heal wounds {unknown}
 e - a potion of resistance {unknown}
 j - a potion of lignification {unknown}
 w - a potion of haste {unknown}
 B - a potion of mutation {unknown}
 F - a potion of brilliance {unknown}
Books
 s - a book of Maledictions

   Spells                             Type                      Level
   a - Corona                         Hexes                        1
   b - Ensorcelled Hibernation        Hexes/Ice                    2
   c - Confuse                        Hexes                        3
   d - Tukima's Dance                 Hexes                        3
   e - Dazzling Spray                 Conjuration/Hexes            3
   Trog disapproves of the use of such an item.
 z - a book of Cantrips

   Spells                             Type                      Level
   a - Corona                         Hexes                        1
   b - Animate Skeleton               Necromancy                   1
   c - Summon Small Mammal            Summoning                    1
   d - Apportation                    Translocation                1
   Trog disapproves of the use of such an item.
Comestibles
 b - 4 bread rations
 u - 6 fruits
 I - 2 chunks of flesh


   Skills:
 + Level 5.5 Fighting
 + Level 5.7 Long Blades
 + Level 6.5 Dodging
 + Level 2.4 Stealth


You had 7 spell levels left.
You didn't know any spells.

Dungeon Overview and Level Annotations

Branches:
Dungeon (5/15)
 Temple: D:4-7

Altars:
Dithmenos
Qazlal


Innate Abilities, Weirdness & Mutations

You can spit globs of acid.
You are resistant to acid.
Your golden yellow scales are hard (AC +6).
Your body does not fit into most forms of armour.
You are cold-blooded and may be slowed by cold attacks.


Message History

You are electrocuted!
* * * LOW HITPOINT WARNING * * *
You barely miss the wight. You tail-slap the wight.
The wight is lightly damaged.
The wight hits you but does no damage.
You are electrocuted!
* * * LOW HITPOINT WARNING * * *
You closely miss the wight.
You tail-slap the wight, but do no damage.
The wight is lightly damaged.
You hit the wight. You tail-slap the wight.
You destroy the wight!
You barely miss the wight.
Your tail-slap misses the wight.
The wight is lightly damaged.
The wight hits you with a long sword of electrocution!
* * * LOW HITPOINT WARNING * * *
You hit the wight.
You tail-slap the wight, but do no damage.
The wight is lightly damaged.
The wight hits you with a long sword of electrocution!
You die...

...###.........(...########
..####.............##.....##
####......####.....#.......##
..........# #..............#
#####<....#####.............#
###.........###.###.........#
#...##....#..##.# #.........#
..####....##....###.........#
...# #..>.####..@zz.....[..##
...# #.........####.........#
...# ###.#...### #.........#
...# #.......## #.........#
...# ###..####..###........>#
...# #...........##........)#
...###.##......#.###.......##
...............#.####.....##
...............#...########


You could see 2 wights.

Vanquished Creatures
  The ghost of skk the Covert, an amateur NaEn (D:4)
  An ogre (D:4)
  2 centaurs
  3 scorpions
  A howler monkey (D:5)
  A wight (D:4)
  2 hounds
  2 orc priests
  An orc wizard (D:4)
  Jessica (D:3)
  An iguana (D:3)
  3 worker ants
  2 hound skeletons
  A howler monkey skeleton (D:5)
  4 adders
  2 oozes
  An adder skeleton (D:5)
  A worm (D:4)
  A dart slug (D:1)
  2 giant geckos
  10 orcs
  5 giant cockroaches
  5 goblins
  5 hobgoblins
  7 jackals (D:4)
  3 kobolds
  2 ball pythons
  6 bats
  5 giant newts
  7 rats
  A bush (D:2)
89 creatures vanquished.

Notes
Turn   | Place    | Note
--------------------------------------------------------------
     0 | D:1      | st0uf the Draconian Berserker began the quest for the Orb.
     0 | D:1      | Reached XP level 1. HP: 19/19 MP: 1/1
    92 | D:1      | Reached XP level 2. HP: 21/26 MP: 2/2
   351 | D:1      | Reached skill level 3 in Dodging
   815 | D:2      | Reached XP level 3. HP: 12/33 MP: 3/3
  1052 | D:2      | Reached ** piety under Trog
  1138 | D:2      | Found a stormy altar of Qazlal.
  1651 | D:3      | Noticed Jessica
  1661 | D:3      | Killed Jessica
  1661 | D:3      | Reached XP level 4. HP: 40/40 MP: 4/4
  1792 | D:3      | Noticed a centaur
  1837 | D:3      | Killed a centaur
  1837 | D:3      | Reached XP level 5. HP: 19/47 MP: 5/5
  2040 | D:3      | Reached skill level 4 in Dodging
  2283 | D:3      | Found a shadowy altar of Dithmenos.
  2378 | D:3      | Reached skill level 1 in Stealth
  2382 | D:4      | Noticed skk's ghost (amateur NaEn)
  2478 | D:4      | Killed skk's ghost
  2478 | D:4      | Reached skill level 5 in Dodging
  2478 | D:4      | Reached XP level 6. HP: 49/55 MP: 6/6
  2769 | D:3      | Your scales start taking on a golden yellow colour.
  2769 | D:3      | Reached XP level 7. HP: 59/60 MP: 7/7
  2847 | D:4      | Reached *** piety under Trog
  2861 | D:3      | Reached skill level 5 in Fighting
  3107 | D:4      | Reached skill level 5 in Long Blades
  3844 | D:5      | Entered Level 5 of the Dungeon
  3868 | D:4      | Reached skill level 6 in Dodging
  4152 | D:4      | Reached XP level 8. HP: 32/69 MP: 8/8
  4194 | D:4      | HP: 3/69 [wight/long sword of electrocution (7)]
  4195 | D:4      | Mangled by a wight

Skill      XL: |  1  2  3  4  5  6  7 |
---------------+----------------------+-----
Dodging        | 3 5 6 |  6.5
Fighting       | 4 5 |  5.5
Long Blades    | 4 5 |  5.7
Stealth        | 1 2 |  2.4

Action                   |  1- 3 |  4- 6 |  7- 9 || total
-------------------------+-------+-------+-------++-------
Melee: Falchion          |   196 |   143 |   179 ||   518
       Tailslap          |    42 |    25 |    35 ||   102
 Abil: Spit Acid         |       |       |     1 ||     1
  Eat: Fruit             |     1 |       |       ||     1
       Chunk             |       |     6 |     4 ||    10
Armor: Skin              |    27 |    57 |    73 ||   157
Dodge: Dodged            |    64 |   102 |   118 ||   284
